 Dungeon Crawl Stone Soup version 0.20-a0-277-g7db01f4 (webtiles) character file.

511 shenanigans the Skirmisher (level 7, -1/53 HPs)
             Began as a Human Skald on Dec 13, 2016.
             Was a Believer of Cheibriados.
             Slain by an orc priest
             ... wielding a +0 hand axe
              (5 damage)
             ... on level 5 of the Dungeon.
             The game lasted 00:12:14 (5019 turns).

shenanigans the Skirmisher (Human Skald)            Turns: 5019, Time: 00:12:15

Health: -1/53      AC: 13    Str: 18    XL:     7   Next: 43%
Magic:  10/10      EV:  4    Int: 18    God:    Cheibriados [**....]
Gold:   261        SH:  9    Dex: 18    Spells: 9/10 levels left

rFire  . . .     SeeInvis .     e - +0 war axe
rCold  . . .     Gourm    .     j - +0 plate armour
rNeg   . . .     Faith    .     v - +0 shield
rPois  +         Spirit   .     (no helmet)
rElec  .         Reflect  .     (no cloak)
rCorr  .         Harm     .     q - +1 pair of gloves
MR     .....                    (no boots)
Stlth  ..........               (no amulet)
                                (no ring)
                                x - ring of poison resistance

@: about to teleport, very slow
A: no striking features
a: Bend Time, Renounce Religion


You were on level 5 of the Dungeon.
You worshipped Cheibriados.
Cheibriados was pleased with you.
You were hungry.

You visited 1 branch of the dungeon, and saw 5 of its levels.

You collected 261 gold pieces.

Inventory:

Hand Weapons
 a - a +0 hand axe
 e - a +0 war axe (weapon)
Missiles
 u - 2 steel tomahawks (quivered)
Armour
 b - a +0 leather armour
 j - a +0 plate armour (worn)
 q - a +1 pair of gloves (worn)
 v - a +0 shield (worn)
Jewellery
 x - a ring of poison resistance (left hand)
Wands
 f - a wand of iceblast (10/15)
Scrolls
 i - 2 scrolls of remove curse {unknown}
 k - a scroll of enchant armour {unknown}
 m - a scroll of enchant weapon {unknown}
 n - a scroll of amnesia {unknown}
 p - a scroll of immolation {unknown}
 r - 3 scrolls of fog {unknown}
 s - a scroll of identify
 t - a scroll of magic mapping {unknown}
 w - a scroll of recharging {unknown}
Potions
 g - a potion of brilliance
Books
 c - a book of Battle

   Spells                             Type                      Level
   a - Infusion                       Charms                       1
   b - Shroud of Golubria             Charms/Translocation         2
   c - Song of Slaying                Charms                       2
   d - Spectral Weapon                Hexes/Charms                 3
   e - Regeneration                   Charms/Necromancy            3
Comestibles
 d - 5 bread rations
 h - a beef jerky
 o - 4 meat rations


   Skills:
 + Level 3.7 Fighting
 + Level 3.4 Axes
 + Level 3.2 Armour
 + Level 2.9 Dodging
 * Level 2.6 Shields
 - Level 2.0 Spellcasting
 - Level 3.0 Charms
 + Level 2.5 Invocations


You had 9 spell levels left.
You knew the following spells:

 Your Spells              Type           Power        Failure   Level  Hunger
a - Infusion              Chrm           ##..         100%        1    #......


Dungeon Overview and Level Annotations

Branches:
Dungeon (5/15)
 Temple: D:4-7

Altars:
Cheibriados
Okawaru
Zin

Annotations:
D:3 Eustachio


Message History

You hit something. Something hits you but does no damage.
The orc priest looks encouraged for a moment.
You hear some strange, mumbled words.
A puff of flame appears from out of thin air!
The puff of flame hits you!
You hit the orc priest but do no damage.
The orc priest is severely wounded.
You miss something.
The orc priest mumbles some strange prayers to Beogh against you.
Beogh smites you!
* * * LOW HITPOINT WARNING * * *
Something hits you but does no damage.
The orc priest calls down the wrath of Beogh upon you.
Beogh smites you!
* * * LOW HITPOINT WARNING * * *
Okay, then.
As you read the scroll of teleportation, it crumbles to dust.
You feel strangely unstable. Something hits you but does no damage.
The orc priest hits you with a hand axe.
You die...

.. #.#.#######.# ...######
#.#.# #.# ......... ..#.# #.#
........# ###.#### #[#
#.#........# #....# #.##
#.#........##########.####...
.....o.....Z....>......#####
#........#{o........#.#....
#........#@##########.#.###
####........#.# #.#.###
..#........#.# #.#....
#.#........#.# #.#####
#.#..........# #......
#....######..################
##...# #..............# #
#...# ##(############.# #
#...#####..(............# #


You could see an orc priest and a leopard gecko skeleton.

Vanquished Creatures
  An ice beast (D:5)
  A centaur (D:5)
  A scorpion (D:4)
  A centaur zombie (D:5)
  A bullfrog skeleton (D:5)
  Terence (D:3)
  A worker ant (D:4)
  8 adders
  An ooze (D:2)
  5 worms
  3 dart slugs
  5 leopard geckos
  5 orcs
  8 giant cockroaches
  7 goblins
  5 hobgoblins
  6 jackals
  2 quokkas
  6 bats
  4 frilled lizards
  A jackal skeleton (D:4)
  5 kobolds
  8 rats
86 creatures vanquished.

Notes
Turn   | Place    | Note
-------+----------+-------------------------------------------
     0 | D:1      | shenanigans the Human Skald began the quest for the Orb.
     0 | D:1      | Reached XP level 1. HP: 16/16 MP: 3/3
   291 | D:1      | Reached XP level 2. HP: 22/22 MP: 5/5
   448 | D:1      | Found a snail-covered altar of Cheibriados.
   666 | D:1      | Became a worshipper of Cheibriados the Contemplative
   745 | D:1      | Reached XP level 3. HP: 24/28 MP: 6/6
  1395 | D:2      | Reached XP level 4. HP: 34/34 MP: 7/7
  1485 | D:2      | Reached * piety under Cheibriados
  1548 | D:2      | Reached skill level 1 in Invocations
  1888 | D:3      | Noticed Terence
  1910 | D:3      | Killed Terence
  1910 | D:3      | Reached XP level 5. HP: 41/41 MP: 5/8
  2279 | D:3      | Found a glowing silver altar of Zin.
  2279 | D:3      | Found an iron altar of Okawaru.
  2755 | D:4      | Noticed Eustachio
  2920 | D:4      | Reached ** piety under Cheibriados
  2920 | D:4      | Reached skill level 1 in Shields
  2932 | D:4      | Noticed an orc warrior
  3438 | D:4      | Reached XP level 6. HP: 46/47 MP: 9/9
  4100 | D:4      | Noticed an ogre
  4273 | D:5      | Entered Level 5 of the Dungeon
  4542 | D:5      | Noticed an ice beast
  4556 | D:5      | Killed an ice beast
  4556 | D:5      | Reached XP level 7. HP: 44/52 MP: 10/10
  5019 | D:5      | Slain by an orc priest

Vault maps used:
D:1:      dpeg_arrival_rooms_b, cheibriados_altar_1
D:3:      gammafunk_temple_overflow_elements, minmay_vboxes, uniq_terence
D:4:      minmay_misc_feat_diagonals, st_stairs_3, grunt_ministairs_9,
          uniq_eustachio
D:5:      first_bread, kennysheep_generic_room_16, uniq_grinder

Skill      XL: |  1  2  3  4  5  6 |
---------------+-------------------+-----
Armour         | 2 3 |  3.2
Invocations    | 1 2 |  2.5
Dodging        | 2 |  2.9
Fighting       | 3 |  3.7
Shields        | 1 2 |  2.6
Axes           | 3 |  3.4
Spellcasting   | |  2.0
Charms         | |  3.0

Action                   |  1- 3 |  4- 6 |  7- 9 || total
-------------------------+-------+-------+-------++-------
Melee: Hand axe          |   140 |   318 |       ||   458
       War axe           |       |    12 |    30 ||    42
  Use: Potion            |     2 |     4 |       ||     6
       Scroll            |       |     9 |     1 ||    10
 Stab: Sleeping          |     1 |       |       ||     1
  Eat: Chunk             |       |     7 |       ||     7
Armor: Leather armour    |    33 |       |       ||    33
       Plate armour      |    41 |   381 |    24 ||   446
Dodge: Dodged            |    69 |    86 |     2 ||   157
Block: Shield            |       |   156 |    21 ||   177
